 Dungeon Crawl Stone Soup version 0.15.0-8-gb109cf8 (webtiles) character file.

102 JackTrades the Magician (level 4, 12/36 HPs)
             Began as a Draconian Wizard on Aug 16, 2014.
             Quit the game on Level 2 of the Dungeon on Aug 30, 2014.
             The game lasted 00:05:17 (1661 turns).

JackTrades the Magician (Draconian Wizard)          Turns: 1661, Time: 00:05:17

HP  12/36        AC  6     Str  9      XL: 4   Next: 50%
MP  11/11        EV 12     Int 20      God:
Gold 128         SH  0     Dex  9      Spells:  3 memorised,  6 levels left

rFire  . . .     SeeInvis .     j - +2 short sword (venom)
rCold  . . .     Clarity  .     (armour unavailable)
rNeg   . . .     rCorr    .     (no shield)
rPois  .         rRot     .     b - +0 hat
rElec  .         Spirit   .     a - +0 cloak
SustAb .         Warding  .     (no gloves)
rMut   .         Stasis   .     (no boots)
Gourm  .                        (no amulet)
MR     .....                    (no ring)
                                (no ring)

@: not resistant to hostile enchantments, very unstealthy
A: unfitting armour, cold-blooded, AC +5
a: no special abilities


You were on level 2 of the Dungeon.
You were not hungry.

You visited 1 branch of the dungeon, and saw 2 of its levels.

You collected 128 gold pieces.

Inventory:

Hand weapons
 j - a +2 short sword of venom (weapon)
Armour
 a - a +0 cloak (worn)
 b - a +0 hat (worn)
Comestibles
 d - a bread ration
 l - a slice of pizza
 n - a beef jerky
 p - a rotting chunk of ball python flesh
 q - a rotting chunk of ball python flesh
Scrolls
 e - a scroll of immolation {unknown}
 h - a scroll of teleportation {unknown}
 i - 2 scrolls of identify {unknown}
 m - a scroll of remove curse {unknown}
Potions
 g - 2 potions of cancellation {unknown}
 o - a potion of haste {unknown}
 s - a potion of brilliance {unknown}
Books
 c - a book of Minor Magic

   Spells                             Type                      Level
   *Magic Dart                        Conjuration                  1
   *Blink                             Translocation                2
   *Call Imp                          Summoning                    2
   Repel Missiles                     Charms/Air                   2
   Slow                               Hexes                        2
   Conjure Flame                      Conjuration/Fire             3
   Mephitic Cloud                     Conjuration/Poison/Air       3


   Skills:
 * Level 2.1 Fighting
 + Level 2.4 Dodging
 - Level 1.7 Stealth
 * Level 4.0 Spellcasting
 * Level 1.7 Conjurations
 + Level 1.0 Summonings
 + Level 1.0 Translocations


You had 6 spell levels left.
You knew the following spells:

 Your Spells              Type           Power        Failure   Level  Hunger
a - Magic Dart            Conj           ##..         10%         1    None
b - Call Imp              Summ           #.......     14%         2    #......
c - Blink                 Tloc           N/A          14%         2    #......


Dungeon Overview and Level Annotations

Branches:
Dungeon (2/15)

Altars:


Innate Abilities, Weirdness & Mutations

Your plain brown scales are hard (AC +5).
Your body does not fit into most forms of armour.
Your cold-blooded metabolism reacts poorly to cold.


Message History

You hit the adder.
You kill the adder!
You open the door.
There is an open door here.
i - 2 scrolls labeled LEGOSECS SUERI (gained 1)
There is an open door here.
Some of the chunks of flesh in your inventory have rotted away.
You now have 128 gold pieces (gained 4).
Eating a chunk of adder flesh.
This raw flesh tastes terrible.
You continue eating. x2
Found a spear.
Save game and exit?
Welcome back, JackTrades the Draconian Wizard.
Press ? for a list of commands and other information.
Save game and exit?
Welcome back, JackTrades the Draconian Wizard.
Press ? for a list of commands and other information.
Save game and exit?
Okay, then.
Are you sure you want to abandon this character and quit the game? (Confirm with "yes".)

. ... ....
####..... #.....)#
#@# ##### #.#
...... #.# .####
#.# #.# #.# #.#
#.################
#........#..'..#..


There were no monsters in sight!

Vanquished Creatures
  7 adders (D:2)
  A worm (D:2)
  5 ball pythons (D:2)
  A bat (D:1)
  A giant cockroach (D:2)
  5 goblins
  3 hobgoblins
  4 jackals (D:1)
  8 kobolds
  3 rats
38 creatures vanquished.

Notes
Turn   | Place    | Note
--------------------------------------------------------------
     0 | D:1      | JackTrades, the Draconian Wizard, began the quest for the Orb.
     0 | D:1      | Reached XP level 1. HP: 14/14 MP: 4/4
   196 | D:1      | Reached XP level 2. HP: 22/22 MP: 0/6
   201 | D:1      | Learned a level 2 spell: Call Imp
   204 | D:1      | Learned a level 2 spell: Blink
  1181 | D:2      | Reached skill level 1 in Fighting
  1181 | D:2      | Reached XP level 3. HP: 10/28 MP: 8/8
  1543 | D:2      | Reached XP level 4. HP: 21/36 MP: 10/10
  1600 | D:2      | Reached skill level 4 in Spellcasting
  1661 | D:2      | Upgraded the game from 0.15-b1-90-gf40f08b to 0.15.0-8-gb109cf8
  1661 | D:2      | Quit the game

Action                   |  1- 3 |  4- 6 || total
-------------------------+-------+-------++-------
Melee: Short sword       |   102 |    22 ||   124
       Unarmed           |     4 |       ||     4
 Cast: Magic Dart        |    29 |       ||    29
 Stab: Sleeping          |     2 |       ||     2
  Eat: Chunk             |     2 |     1 ||     3
